[Event "ICC Open 2015"]
[Site "Internet Chess Club"]
[Date "2015.05.30"]
[Round "6"]
[White "oseledets"]
[Black "Womacka"]
[Result "0-1"]
[ICCResult "White forfeits on time"]
[WhiteElo "2040"]
[BlackElo "2451"]
[Opening "Bogo-Indian defense"]
[ECO "E11"]
[NIC "QI.01"]
[Time "15:04:08"]
[TimeControl "180+0"]

1. d4 Nf6 2. c4 e6 3. Nf3 Bb4+ 4. Bd2 c5 5. a3 Bxd2+ 6. Nbxd2 cxd4 7. Nxd4
d5 8. e3 O-O 9. cxd5 Qxd5 10. Qf3 e5 11. Qxd5 Nxd5 12. Nb5 a6 13. Nd6 Nc6
14. Bc4 Rd8 15. N2e4 Nce7 16. Rd1 Be6 17. Nxb7 Rdb8 18. Ned6 Nxe3 19. Bxe6
Nxd1 20. Bxf7+ Kf8 21. Kxd1 Rxb7 22. Nxb7 Kxf7 23. Nd6+ Ke6 24. Nc4 Nd5 25.
Re1 Rd8 26. Rxe5+ Kf6 27. Kc2 g5 28. Re4 Nf4 29. g3 Nd3 30. Re2 Nc5 31. Rd2
Re8 32. Ne3 Ne4 33. Re2 Kg6 34. f3 Nd6 35. Kd2 Rd8 36. Kc2 Re8 37. Kd2 Rd8
38. Ke1 Nb5 39. Rd2 Re8 40. Kf2 h5 41. a4 Nc7 42. Rd6+ Kf7 43. Rc6 Ne6 44.
Nf5 Rd8 45. Nd6+ Ke7 46. Nf5+ Kf6 47. Ne3 Rd2+ 48. Ke1 Rxb2 49. Rxa6 Rxh2
50. Nd5+ Ke5 51. Nc3 Nd4 52. Ra5+ Ke6 53. f4 g4 54. f5+ Nxf5 55. Ra6+ Ke5
56. Ra5+ Kd4 57. Ne2+ Kd3 58. Rxf5 Rh1+ 59. Kf2 Ra1 {White forfeits on time}
0-1

[Event "ICC Open 2015"]
[Site "Internet Chess Club"]
[Date "2015.05.30"]
[Round "6"]
[White "motipen"]
[Black "geom"]
[Result "0-1"]
[ICCResult "White forfeits on time"]
[WhiteElo "1911"]
[BlackElo "1748"]
[Opening "QGD Slav: 4.Nc3"]
[ECO "D15"]
[NIC "SL.03"]
[Time "15:04:29"]
[TimeControl "180+0"]

1. d4 c6 2. c4 Nf6 3. Nc3 d5 4. Nf3 Bf5 5. Qb3 Qb6 6. c5 Qc7 7. g3 e6 8. Bf4
Qc8 9. Bg2 Be7 10. O-O h6 11. Ne5 Nbd7 12. Rfe1 Nxe5 13. Bxe5 O-O 14. e4
dxe4 15. Nxe4 Bxe4 16. Bxe4 Nxe4 17. Rxe4 f6 18. Bf4 Qd7 19. Qxe6+ Qxe6 20.
Rxe6 Rfe8 21. Rae1 Kf7 22. Kg2 Bf8 23. Rxe8 Rxe8 24. Rxe8 Kxe8 25. Kf3 Kf7
26. Ke4 Ke6 27. g4 g6 28. Be3 f5+ 29. gxf5+ gxf5+ 30. Kf4 Bg7 31. b4 a6 32.
h4 Bf6 33. h5 Bg5+ 34. Kf3 Bxe3 35. fxe3 Kf7 36. Kf4 Kf6 37. e4 fxe4 38.
Kxe4 Kg5 39. a4 Kxh5 40. b5 axb5 41. axb5 cxb5 42. d5 b4 43. d6 b3 44. d7 b2
45. d8=Q b1=Q+ 46. Ke5 Qe1+ 47. Kf6 Qf2+ 48. Kg7 Qg3+ 49. Kh8 Qb3 50. Qd6
Qc3+ 51. Kg8 Qf3 52. Kg7 Qf5 53. Kg8 Qg6+ 54. Qxg6+ Kxg6 55. Kf8 Kf6 56. Ke8
Ke6 {White forfeits on time} 0-1

[Event "ICC Open 2015"]
[Site "Internet Chess Club"]
[Date "2015.05.30"]
[Round "6"]
[White "lemanofzorn"]
[Black "bennywins"]
[Result "1-0"]
[ICCResult "Black forfeits on time"]
[WhiteElo "1441"]
[BlackElo "1167"]
[Opening "Old Benoni defense"]
[ECO "A43"]
[NIC "OI.09"]
[Time "15:04:04"]
[TimeControl "180+0"]

1. d4 c5 2. c4 cxd4 3. Qxd4 Nc6 4. Qd1 e6 5. Nc3 Bb4 6. Nf3 d5 7. cxd5 exd5
8. Bg5 Bxc3+ 9. bxc3 Qa5 10. Qc2 d4 11. Bd2 dxc3 12. Bxc3 Qd8 13. e3 Nf6 14.
Rd1 Qc7 15. Bb5 O-O 16. O-O a6 17. Ba4 b5 18. Bb3 b4 19. Bxb4 Re8 20. Bd6
Qb7 21. Ba4 Bd7 22. Ba3 Nb4 23. Bxb4 Qxb4 24. Bxd7 Red8 25. Bf5 Rxd1 26.
Rxd1 Qb5 27. Bd3 Qb6 28. Nd4 Rd8 29. Qa4 Rd6 30. Nf5 Rd8 31. Bc2 Rxd1+ 32.
Bxd1 g6 33. Ne7+ Kg7 34. Qd4 Qb1 35. Nd5 Qxa2 36. Qxf6+ Kg8 37. Qd8+ Kg7 38.
Qf6+ Kh6 39. Qd4 {Black forfeits on time} 1-0

[Event "ICC Open 2015"]
[Site "Internet Chess Club"]
[Date "2015.05.30"]
[Round "6"]
[White "RobbieWilliams"]
[Black "unkavalo"]
[Result "0-1"]
[ICCResult "White checkmated"]
[WhiteElo "1732"]
[BlackElo "2510"]
[Opening "Queen's pawn game"]
[ECO "D00"]
[NIC "QP.07"]
[Time "15:05:01"]
[TimeControl "180+0"]

1. d4 Nf6 2. Nc3 d5 3. Bf4 e6 4. a3 Bd6 5. Bxd6 cxd6 6. e3 O-O 7. f4 Re8 8.
Nf3 Nc6 9. Bd3 e5 10. dxe5 dxe5 11. fxe5 Nxe5 12. O-O Neg4 13. Re1 Nxe3 14.
Qd2 Neg4 15. h3 Nh6 16. Bb5 Rxe1+ 17. Rxe1 Be6 18. Kh1 Rc8 19. Qg5 Qb6 20.
Bd3 Qxb2 21. Ne2 Qxa3 22. Ng3 Qc3 23. Rf1 a5 24. Nh5 Nxh5 25. Qxh5 a4 26.
Ng5 a3 27. Nxe6 fxe6 28. Qf3 a2 29. Qd1 Nf5 30. Kh2 Ne3 31. Qa1 Nxf1+ 32.
Qxf1 a1=Q 33. Qf2 Qe5+ 34. g3 Qad4 35. Qd2 Rf8 36. Kg2 Qee3 37. Qd1 Rf2+ 38.
Kh1 Qxg3 39. Qg1 Qxh3+ 40. Qh2 Qxh2# {White checkmated} 0-1

[Event "ICC Open 2015"]
[Site "Internet Chess Club"]
[Date "2015.05.30"]
[Round "6"]
[White "jugador"]
[Black "Babaliyev"]
[Result "1/2-1/2"]
[ICCResult "White ran out of time and Black has no material to mate"]
[WhiteElo "1698"]
[BlackElo "1965"]
[Opening "Benoni defense"]
[ECO "A61"]
[NIC "OI.09"]
[Time "15:05:31"]
[TimeControl "180+0"]

1. d4 c5 2. d5 d6 3. Nf3 e6 4. c4 exd5 5. cxd5 Nf6 6. Nc3 g6 7. e3 Bg7 8.
Be2 O-O 9. O-O Re8 10. h3 Nbd7 11. Qc2 Ne5 12. Nd2 a6 13. a4 Rb8 14. a5 b5
15. axb6 Rxb6 16. f4 Ned7 17. Nc4 h5 18. Nxb6 Qxb6 19. Kh2 Bb7 20. e4 Nh7
21. Bf3 Rf8 22. Qa4 Ndf6 23. Qa5 Qxa5 24. Rxa5 Re8 25. Bd2 Bh6 26. g4 hxg4
27. hxg4 Bg7 28. g5 Nd7 29. Bg4 Nb6 30. Raa1 Nc4 31. Bc1 Bxc3 32. bxc3 Rxe4
33. Bf3 Re7 34. Ra4 Nb6 35. Re4 Rxe4 36. Bxe4 Bxd5 37. Bxd5 Nxd5 38. Rd1
Nxc3 39. Rxd6 Nf8 40. Rxa6 Ne2 41. Be3 c4 42. Ra8 c3 43. Bc5 c2 44. Bxf8 f5
45. Ba3+ Kf7 46. Ra7+ Ke6 47. Re7+ Kd5 48. Rxe2 Kc4 49. Rxc2+ Kd3 50. Rc6
Ke4 51. Rxg6 Kxf4 52. Rf6 Kxg5 53. Be7 f4 54. Kg2 Kg4 55. Bd6 f3+ 56. Rxf3
Kg5 57. Kg3 Kh5 58. Be7 Kg6 59. Kg4 Kh6 60. Rf5 Kg6 61. Rf6+ Kg7
{White ran out of time and Black has no material to mate}
1/2-1/2

[Event "ICC Open 2015"]
[Site "Internet Chess Club"]
[Date "2015.05.30"]
[Round "6"]
[White "PJJVenegas"]
[Black "sissystiger"]
[Result "1-0"]
[ICCResult "Black forfeits on time"]
[WhiteElo "2308"]
[BlackElo "1764"]
[Opening "Réti opening"]
[ECO "A04"]
[NIC "QP.11"]
[Time "15:07:36"]
[TimeControl "180+0"]

1. Nf3 g6 2. d4 Bg7 3. c4 f5 4. Nc3 Nf6 5. Bg5 O-O 6. Bxf6 Bxf6 7. e4 d6 8.
Be2 Nc6 9. d5 Ne5 10. Nxe5 Bxe5 11. O-O c6 12. f4 Bg7 13. Qd2 cxd5 14. exd5
Bd7 15. Rfe1 Qb6+ 16. Kh1 Rae8 17. Bf3 a6 18. Rac1 Qa5 19. b3 Bxc3 20. Rxc3
b5 21. Qc1 bxc4 22. Rxc4 Qxa2 23. Rc7 Bb5 24. Rexe7 Rxe7 25. Rxe7 Qxb3 26.
h3 Re8 27. Rc7 Qe3 28. Qb2 Re7 29. Rc8+ Kf7 30. Qh8 Qe1+ 31. Kh2 Re8 32.
Qxh7+ Kf8 33. Rc7 Re7 34. Qh8+ Kf7 35. Rc8 Re8 36. Rc2 Qe3 37. Qh7+ Kf8 38.
Qh6+ Kf7 39. Rc7+ Re7 40. Rc8 Kf6 41. Rf8+ Rf7 42. Qg5+ Kg7 43. Rc8 Rf8 44.
Rc7+ Rf7 45. Rxf7+ {Black forfeits on time} 1-0

[Event "ICC Open 2015"]
[Site "Internet Chess Club"]
[Date "2015.05.30"]
[Round "6"]
[White "kitkat05"]
[Black "catman"]
[Result "0-1"]
[ICCResult "White forfeits on time"]
[WhiteElo "1979"]
[BlackElo "1656"]
[Opening "Neo-Grünfeld, 5.Nf3"]
[ECO "D73"]
[NIC "KI.80"]
[Time "15:08:44"]
[TimeControl "180+0"]

1. d4 Nf6 2. c4 g6 3. Nf3 Bg7 4. g3 d5 5. Bg2 dxc4 6. Qa4+ Nbd7 7. O-O O-O
8. Qxc4 a6 9. Qc2 b5 10. a4 Bb7 11. Bf4 Nd5 12. Bd2 N7b6 13. e4 Nf6 14. a5
Bxe4 15. Qb3 Bd5 16. Qc2 Nc4 17. Bc3 Nd6 18. Ne5 Bxg2 19. Kxg2 Nfe4 20. Nd2
Nxd2 21. Bxd2 Bxe5 22. dxe5 Nc4 23. Bf4 Qd5+ 24. Kg1 Nxe5 25. f3 Nxf3+ 26.
Kf2 Nd4 27. Qd3 e5 28. Be3 c5 29. Rad1 Rad8 30. Bh6 Rfe8 31. Rfe1 e4 32. Qe3
Qf5+ 33. Kg1 Nc2 34. Rxd8 Rxd8 35. Qxe4 Nxe1 36. Qxe1 Qc2 37. Bg5 Rd1
{White forfeits on time}
0-1

[Event "ICC Open 2015"]
[Site "Internet Chess Club"]
[Date "2015.05.30"]
[Round "7"]
[White "geom"]
[Black "FytinFrank"]
[Result "0-1"]
[ICCResult "White resigns"]
[WhiteElo "1742"]
[BlackElo "2013"]
[Opening "Caro-Kann defense"]
[ECO "B12"]
[NIC "CK.01"]
[Time "15:23:41"]
[TimeControl "180+0"]

1. e4 c6 2. d4 g6 3. e5 d5 4. f4 h5 5. Nf3 Bg4 6. h3 Bxf3 7. Qxf3 e6 8. Bd3
c5 9. c3 cxd4 10. cxd4 Nc6 11. Be3 Qb6 12. Qf2 Nb4 13. Qd2 Nxd3+ 14. Qxd3
Qxb2 15. Qc3 Bb4 {White resigns} 0-1

[Event "ICC Open 2015"]
[Site "Internet Chess Club"]
[Date "2015.05.30"]
[Round "7"]
[White "patzenfeet"]
[Black "waynerooney"]
[Result "0-1"]
[ICCResult "White resigns"]
[WhiteElo "1587"]
[BlackElo "1976"]
[Opening "Vienna: Paulsen variation"]
[ECO "C25"]
[NIC "VG.04"]
[Time "15:23:24"]
[TimeControl "180+0"]

1. e4 e5 2. Nc3 Nc6 3. g3 Nf6 4. Bg2 Bc5 5. Nge2 d6 6. h3 a6 7. O-O O-O 8.
Nd5 Nxd5 9. exd5 Ne7 10. d4 exd4 11. Nxd4 Nf5 12. Nxf5 Bxf5 13. c4 Qf6 14.
Rb1 Bxb1 15. Bf4 Bxa2 16. Qa1 Bxc4 17. Rc1 Bb5 18. b4 Qxa1 19. Rxa1 Bxb4
{White resigns}
0-1

[Event "ICC Open 2015"]
[Site "Internet Chess Club"]
[Date "2015.05.30"]
[Round "7"]
[White "fredericton"]
[Black "MadMad"]
[Result "1-0"]
[ICCResult "Black resigns"]
[WhiteElo "1779"]
[BlackElo "1431"]
[Opening "Sicilian: accelerated fianchetto, modern variation with Bc4"]
[ECO "B35"]
[NIC "SI.48"]
[Time "15:22:57"]
[TimeControl "180+0"]

1. e4 c5 2. d4 cxd4 3. Nf3 Nc6 4. Bc4 g6 5. Nxd4 Bg7 6. Be3 Nf6 7. Nc3 O-O
8. Qd2 Na5 9. Bd3 a6 10. O-O-O Ng4 11. h4 Nxe3 12. Qxe3 h5 13. g4 hxg4 14.
h5 d6 15. hxg6 fxg6 16. Qg5 Bxd4 17. Qxg6+ Bg7 18. Rh7 Rf7 19. Rdh1 Kf8 20.
Rh8+ {Black resigns} 1-0

[Event "ICC Open 2015"]
[Site "Internet Chess Club"]
[Date "2015.05.30"]
[Round "7"]
[White "totus"]
[Black "Bartof"]
[Result "1-0"]
[ICCResult "Black resigns"]
[WhiteElo "2338"]
[BlackElo "2005"]
[Opening "Benko's opening"]
[ECO "A00"]
[NIC "VO.09"]
[Time "15:24:05"]
[TimeControl "180+0"]

1. g3 c5 2. Bg2 Nf6 3. d3 g6 4. e4 Bg7 5. f4 d6 6. Nf3 Nc6 7. O-O Bg4 8. h3
Bxf3 9. Qxf3 O-O 10. Qd1 Rb8 11. Kh2 b5 12. e5 Nxe5 13. fxe5 dxe5 14. Nc3 e6
15. Ne4 Nxe4 16. dxe4 Qb6 17. Be3 Rfd8 18. Qe2 a6 19. Qf2 Rbc8 20. Qxf7+
{Black resigns}
1-0

[Event "ICC Open 2015"]
[Site "Internet Chess Club"]
[Date "2015.05.30"]
[Round "7"]
[White "Judge-Dread"]
[Black "Agenda"]
[Result "0-1"]
[ICCResult "White resigns"]
[WhiteElo "1112"]
[BlackElo "1225"]
[Opening "Queen's pawn game"]
[ECO "A45"]
[NIC "QP.07"]
[Time "15:24:26"]
[TimeControl "180+0"]

1. d4 Nf6 2. e3 e6 3. Nc3 b6 4. b3 Bb7 5. Bb2 Be7 6. Nf3 O-O 7. Be2 d6 8.
Qd3 Nbd7 9. e4 e5 10. d5 Nc5 11. Qc4 Ba6 12. Qb4 Bxe2 13. Nxe2 Ncxe4 14.
O-O-O Nxf2 {White resigns} 0-1

[Event "ICC Open 2015"]
[Site "Internet Chess Club"]
[Date "2015.05.30"]
[Round "7"]
[White "Womacka"]
[Black "saira"]
[Result "1-0"]
[ICCResult "Black resigns"]
[WhiteElo "2452"]
[BlackElo "1795"]
[Opening "Ruy Lopez: Cordel gambit"]
[ECO "C64"]
[NIC "RL.01"]
[Time "15:24:27"]
[TimeControl "180+0"]

1. e4 e5 2. Nf3 Nc6 3. Bb5 Bc5 4. c3 f5 5. d4 fxe4 6. Nfd2 e3 7. fxe3 exd4
8. Qh5+ g6 9. Qxc5 dxe3 10. Qxe3+ Nge7 11. O-O d5 12. Qe5 Rf8 13. Rxf8+ Kxf8
14. Qf6+ Kg8 15. Nf3 Bf5 16. Bh6 {Black resigns} 1-0

[Event "ICC Open 2015"]
[Site "Internet Chess Club"]
[Date "2015.05.30"]
[Round "7"]
[White "MD1"]
[Black "Ricotero"]
[Result "0-1"]
[ICCResult "White resigns"]
[WhiteElo "1660"]
[BlackElo "2050"]
[Opening "Vienna: Falkbeer variation"]
[ECO "C26"]
[NIC "VG.04"]
[Time "15:23:45"]
[TimeControl "180+0"]

1. e4 e5 2. Nc3 Nf6 3. d3 d5 4. exd5 Nxd5 5. Nf3 Bb4 6. Bd2 Nc6 7. Nxd5
Bxd2+ 8. Qxd2 Qxd5 9. c4 Qd6 10. Be2 O-O 11. O-O Rd8 12. Rad1 f6 13. a3 a5
14. Qc3 Bf5 15. c5 Qd7 16. Ne1 Nd4 17. Bf3 c6 18. Be4 Ne2+ {White resigns}
0-1

[Event "ICC Open 2015"]
[Site "Internet Chess Club"]
[Date "2015.05.30"]
[Round "7"]
[White "canpawn"]
[Black "HardAsfalt"]
[Result "0-1"]
[ICCResult "White checkmated"]
[WhiteElo "1472"]
[BlackElo "1687"]
[Opening "Giuoco Piano"]
[ECO "C50"]
[NIC "IG.02"]
[Time "15:23:44"]
[TimeControl "180+0"]

1. e4 e5 2. Nf3 Nc6 3. Bc4 Bc5 4. O-O Nf6 5. d3 a6 6. Nc3 b5 7. Bb3 d6 8.
Nd5 Bg4 9. Bg5 O-O 10. Nxf6+ gxf6 11. Bh6 Re8 12. h3 Bh5 13. g4 Bg6 14. Nh4
Kh8 15. Nxg6+ hxg6 16. Bxf7 Qe7 17. Bxg6 Rg8 18. Bh5 Nd4 19. c3 Ne6 20. h4
Nf4 21. Kh1 Nxh5 22. gxh5 f5 23. Bg5 Rxg5 24. hxg5 Qxg5 25. Rg1 Qh4+ 26. Kg2
Rg8+ 27. Kf3 Qxf2# {White checkmated} 0-1

[Event "ICC Open 2015"]
[Site "Internet Chess Club"]
[Date "2015.05.30"]
[Round "7"]
[White "Cramagica"]
[Black "centrepawn"]
[Result "0-1"]
[ICCResult "White checkmated"]
[WhiteElo "1164"]
[BlackElo "1276"]
[Opening "Réti opening"]
[ECO "A06"]
[NIC "QP.09"]
[Time "15:23:39"]
[TimeControl "180+0"]

1. Nf3 d5 2. e3 Bf5 3. c4 e6 4. cxd5 exd5 5. Nc3 Nf6 6. Be2 c6 7. O-O Bd6 8.
a3 Nbd7 9. b4 O-O 10. Bb2 Ne4 11. Nxe4 dxe4 12. Nd4 Be6 13. Nxe6 fxe6 14.
Bc4 Qe7 15. Qc2 Nf6 16. Qb3 Rfe8 17. Rac1 Bxh2+ 18. Kxh2 Ng4+ 19. Kg1 Qh4
20. Bxe6+ Rxe6 21. Qxe6+ Kh8 22. f4 Qh2# {White checkmated} 0-1

[Event "ICC Open 2015"]
[Site "Internet Chess Club"]
[Date "2015.05.30"]
[Round "7"]
[White "A-Adly"]
[Black "pasco84"]
[Result "1-0"]
[ICCResult "Black resigns"]
[WhiteElo "3073"]
[BlackElo "1706"]
[Opening "Réti opening"]
[ECO "A04"]
[NIC "QP.11"]
[Time "15:24:11"]
[TimeControl "180+0"]

1. Nf3 e6 2. g3 b6 3. Bg2 Bb7 4. O-O f5 5. d3 Nf6 6. Nbd2 Bb4 7. c3 Be7 8.
e4 f4 9. gxf4 Nh5 10. f5 O-O 11. fxe6 Bd6 12. Nc4 dxe6 13. Ng5 Nf4 14. Bxf4
Rxf4 15. Nxe6 Qh4 16. Nxd6 cxd6 17. Nxf4 Qxf4 18. Qf3 Qh6 19. Qg3 Nd7 20. f4
Rf8 21. f5 Ne5 22. Rae1 Ba6 23. Rd1 Nf7 24. f6 g6 25. Rf4 Ne5 26. Rh4
{Black resigns}
1-0

[Event "ICC Open 2015"]
[Site "Internet Chess Club"]
[Date "2015.05.30"]
[Round "7"]
[White "Sibelephant"]
[Black "SPARNALIQ"]
[Result "1-0"]
[ICCResult "Black resigns"]
[WhiteElo "3160"]
[BlackElo "2799"]
[Opening "Nimzovich-Larsen attack: Polish variation"]
[ECO "A01"]
[NIC "VO.08"]
[Time "15:24:10"]
[TimeControl "180+0"]

1. b3 b5 2. Bb2 Bb7 3. e3 Nf6 4. Nf3 a6 5. c4 e6 6. cxb5 axb5 7. Bxb5 Bd6 8.
Be2 Nc6 9. Nc3 Ra5 10. a3 Qa8 11. b4 Rh5 12. Nb5 Ke7 13. h3 Ba6 14. Nxd6
Bxe2 15. Qxe2 cxd6 16. O-O Rb8 17. Nh2 Rg5 18. f4 Rg6 19. f5 Rg5 20. fxe6
dxe6 21. Rac1 Rbb5 22. Nf3 Rg6 23. Qxb5 {Black resigns} 1-0

[Event "ICC Open 2015"]
[Site "Internet Chess Club"]
[Date "2015.05.30"]
[Round "7"]
[White "SCORPION83"]
[Black "Swedchamp"]
[Result "0-1"]
[ICCResult "White resigns"]
[WhiteElo "3045"]
[BlackElo "2663"]
[Opening "QGD: semi-Slav"]
[ECO "D31"]
[NIC "SL.06"]
[Time "15:22:49"]
[TimeControl "180+0"]

1. d4 d5 2. c4 e6 3. Nc3 c6 4. e3 Nf6 5. f4 Bb4 6. Bd3 dxc4 7. Bxc4 b5 8.
Bd3 a6 9. Nf3 Nbd7 10. O-O c5 11. a3 Ba5 12. a4 Bxc3 13. bxc3 c4 14. Bc2 Bb7
15. Ba3 Nd5 16. Qd2 Ne7 17. e4 O-O 18. f5 exf5 19. exf5 Nf6 20. Ne5 Re8 21.
h3 Nc6 22. Rae1 Nxe5 23. Re3 Nd3 24. Rg3 Ne4 25. Qe3 Nxg3 26. Qxg3 Re2
{White resigns}
0-1

[Event "ICC Open 2015"]
[Site "Internet Chess Club"]
[Date "2015.05.30"]
[Round "7"]
[White "IlValentino"]
[Black "NAS"]
[Result "0-1"]
[ICCResult "White resigns"]
[WhiteElo "1412"]
[BlackElo "1720"]
[Opening "Grünfeld: exchange variation"]
[ECO "D85"]
[NIC "GI.04"]
[Time "15:23:04"]
[TimeControl "180+0"]

1. d4 Nf6 2. c4 g6 3. Nc3 d5 4. cxd5 Nxd5 5. e4 Nxc3 6. bxc3 Bg7 7. Be3 c5
8. Ne2 Nc6 9. Rc1 O-O 10. d5 Na5 11. f3 b6 12. g4 Bb7 13. Ng3 Qd7 14. h4
Rad8 15. Kf2 e6 16. c4 Bc8 17. h5 Qe7 18. Qd2 f5 19. gxf5 exf5 20. Ke2 Ba6
21. Kd1 Qd7 22. hxg6 hxg6 23. Bh6 Qa4+ 24. Rc2 Rd7 25. Bxg7 Rxg7 26. Be2
Nxc4 27. Bxc4 Bxc4 28. Qh6 Bd3 29. Qh8+ Kf7 30. Rh2 Rxh8 {White resigns} 0-1

[Event "ICC Open 2015"]
[Site "Internet Chess Club"]
[Date "2015.05.30"]
[Round "7"]
[White "Wahman"]
[Black "Sebs"]
[Result "0-1"]
[ICCResult "White resigns"]
[WhiteElo "2227"]
[BlackElo "2964"]
[Opening "Vienna game"]
[ECO "C26"]
[NIC "VG.02"]
[Time "15:23:44"]
[TimeControl "180+0"]

1. e4 e5 2. Nc3 Nf6 3. Bc4 Bc5 4. d3 c6 5. Bg5 h6 6. Bxf6 Qxf6 7. Qf3 Qe7 8.
Nge2 d6 9. O-O O-O 10. Kh1 b5 11. Bb3 a5 12. a4 b4 13. Nd1 Nd7 14. Ne3 Nf6
15. Nf5 Bxf5 16. Qxf5 d5 17. Ng3 g6 18. Qf3 Rad8 19. Rae1 Kg7 20. Qe2 h5 21.
exd5 cxd5 22. f4 Ng4 23. fxe5 Qh4 24. h3 Qxg3 {White resigns} 0-1

[Event "ICC Open 2015"]
[Site "Internet Chess Club"]
[Date "2015.05.30"]
[Round "7"]
[White "bjerky"]
[Black "krankenstein"]
[Result "0-1"]
[ICCResult "White resigns"]
[WhiteElo "1619"]
[BlackElo "1144"]
[Opening "King's gambit"]
[ECO "C30"]
[NIC "KG.05"]
[Time "15:23:27"]
[TimeControl "180+0"]

1. e4 e5 2. f4 d6 3. Nf3 a6 4. c3 Nc6 5. d4 Bg4 6. Be2 Nf6 7. Bd2 Nxe4 8.
dxe5 dxe5 9. Nxe5 Bxe2 10. Nxc6 Bxd1 11. Nxd8 Rxd8 12. Kxd1 Nxd2 13. Nxd2
Be7 14. Kc2 O-O 15. Rad1 f5 16. Nc4 b5 17. Ne5 Bf6 18. Rhe1 Rxd1 19. Rxd1
Re8 20. Re1 Bxe5 21. Rxe5 Rxe5 22. fxe5 Kf7 23. Kd3 g5 24. g3 Ke6 25. Kd4
c5+ 26. Ke3 Kxe5 27. b3 c4 28. bxc4 f4+ 29. gxf4+ gxf4+ 30. Kf3 bxc4 31. h4
h5 32. a3 a5 33. a4 Kf5 34. Ke2 Ke4 35. Kf2 f3 36. Kg3 Ke3 37. Kh2
{White resigns}
0-1

[Event "ICC Open 2015"]
[Site "Internet Chess Club"]
[Date "2015.05.30"]
[Round "7"]
[White "Govindan"]
[Black "nadalthegreat"]
[Result "0-1"]
[ICCResult "White resigns"]
[WhiteElo "1537"]
[BlackElo "1725"]
[Opening "Giuoco Piano"]
[ECO "C50"]
[NIC "IG.02"]
[Time "15:22:56"]
[TimeControl "180+0"]

1. e4 e5 2. Nf3 Nc6 3. Bc4 Bc5 4. O-O Nf6 5. d3 d6 6. Bb3 Bg4 7. Nbd2 O-O 8.
c3 d5 9. exd5 Nxd5 10. h3 Bf5 11. Ne4 Bb6 12. Qe2 Nf6 13. Bg5 Bxe4 14. dxe4
h6 15. Bh4 Qe7 16. Bd5 Nd8 17. Bg3 c6 18. Bb3 Nd7 19. Bh4 Nf6 20. Rad1 Ne6
21. Nxe5 Nf4 22. Bxf6 Nxe2+ 23. Kh1 Qxf6 24. Nd7 Qe7 25. Nxf8 Rxf8 26. g3
Qxe4+ 27. Kh2 Qf3 28. Rde1 Bxf2 29. Bc4 Qxg3+ 30. Kh1 Nf4 {White resigns}
0-1

[Event "ICC Open 2015"]
[Site "Internet Chess Club"]
[Date "2015.05.30"]
[Round "7"]
[White "SurferRosa"]
[Black "Linkmus"]
[Result "0-1"]
[ICCResult "White resigns"]
[WhiteElo "2310"]
[BlackElo "2734"]
[Opening "QGD Slav: Dutch variation, main line"]
[ECO "D19"]
[NIC "SL.05"]
[Time "15:23:20"]
[TimeControl "180+0"]

1. d4 d5 2. c4 c6 3. Nf3 Nf6 4. Nc3 dxc4 5. a4 Bf5 6. e3 e6 7. Bxc4 Bb4 8.
O-O O-O 9. Qe2 Nbd7 10. e4 Bg6 11. Bd3 Bh5 12. e5 Nd5 13. Nxd5 cxd5 14. Qe3
Bg6 15. Ne1 Bxe1 16. Rxe1 Nb8 17. Bd2 Bxd3 18. Qxd3 a5 19. f4 Nc6 20. Bc3 f5
21. Kh1 Qh4 22. g3 Qh5 23. Rg1 Rf7 24. Raf1 h6 25. Kg2 g5 26. Rf2 Rg7 27.
Kh1 Kh8 28. g4 Qh4 29. Qg3 Qxg3 30. Rxg3 gxf4 31. Rxf4 Ne7 32. gxf5 Nxf5 33.
Rxg7 Kxg7 34. Rg4+ Kf7 35. Kg1 b6 36. Kf2 Rc8 37. Ke2 Rc4 38. Kd3 Rxa4 39.
b3 Ra2 40. h3 Rh2 {White resigns} 0-1

[Event "ICC Open 2015"]
[Site "Internet Chess Club"]
[Date "2015.05.30"]
[Round "7"]
[White "Tut"]
[Black "Schurick"]
[Result "1-0"]
[ICCResult "Black resigns"]
[WhiteElo "3176"]
[BlackElo "2373"]
[Opening "Nimzo-Indian: Kmoch variation"]
[ECO "E20"]
[NIC "NI.30"]
[Time "15:23:26"]
[TimeControl "180+0"]

1. d4 Nf6 2. c4 e6 3. Nc3 Bb4 4. f3 d5 5. a3 Be7 6. e4 dxe4 7. fxe4 e5 8. d5
Bc5 9. Nf3 Bg4 10. Bg5 Nbd7 11. Bd3 Bd4 12. Nb5 Bxb2 13. Rb1 a6 14. Nxc7+
Qxc7 15. Rxb2 Qa5+ 16. Qd2 Qxd2+ 17. Kxd2 Bxf3 18. gxf3 Nc5 19. Rg1 Nfd7 20.
Bf1 h6 21. Be3 g5 22. Bh3 Ra7 23. Rgb1 b6 24. Rxb6 Nxb6 25. Rxb6 Nd7 26. Rc6
Ra8 27. c5 Nf8 28. Rc7 Ng6 29. d6 O-O 30. c6 Nf4 31. Bxf4 exf4 32. d7 f5 33.
Bxf5 Rfd8 34. Kc3 Kf7 35. Rc8 Ke7 36. Rxa8 Rxa8 37. c7 {Black resigns} 1-0

[Event "ICC Open 2015"]
[Site "Internet Chess Club"]
[Date "2015.05.30"]
[Round "7"]
[White "CrossShark"]
[Black "VerdeNotte"]
[Result "0-1"]
[ICCResult "White resigns"]
[WhiteElo "2723"]
[BlackElo "2909"]
[Opening "Sicilian"]
[ECO "B55"]
[NIC "SI.01"]
[Time "15:23:04"]
[TimeControl "180+0"]

1. e4 c5 2. Nf3 d6 3. d4 cxd4 4. Nxd4 Nf6 5. e5 dxe5 6. Nb5 Qxd1+ 7. Kxd1
Na6 8. N1c3 Bf5 9. Be3 e6 10. f3 Rd8+ 11. Ke1 Nb4 12. Na3 a6 13. Rc1 Nfd5
14. Bd2 Nxc3 15. bxc3 Nxa2 16. Ra1 Bxa3 17. Rxa2 Bc5 18. Rb2 O-O 19. Rxb7
Rb8 20. Rc7 Rb1+ 21. Ke2 Bb6 22. Rc6 Bxc2 23. g3 Rd8 24. Rxb6 Rxb6 25. Bg2
Rb1 26. Be1 a5 27. f4 e4 28. c4 a4 29. Ba5 Rxh1 30. Bxh1 a3 31. Bxd8 a2 32.
Bf6 gxf6 {White resigns} 0-1

[Event "ICC Open 2015"]
[Site "Internet Chess Club"]
[Date "2015.05.30"]
[Round "7"]
[White "Borknagar"]
[Black "rovov"]
[Result "1-0"]
[ICCResult "Black resigns"]
[WhiteElo "1950"]
[BlackElo "1598"]
[Opening "QGD Slav: 4.e3 Bf5"]
[ECO "D12"]
[NIC "SL.01"]
[Time "15:23:06"]
[TimeControl "180+0"]

1. d4 d5 2. c4 c6 3. Nf3 Nf6 4. e3 Bf5 5. Bd3 Bxd3 6. Qxd3 e6 7. Nc3 Bd6 8.
O-O O-O 9. e4 dxe4 10. Nxe4 Nxe4 11. Qxe4 h6 12. Qg4 Kh8 13. Qh5 Qf6 14. Ng5
Bf4 15. Ne4 Qxd4 16. Bxf4 Qxe4 17. Bd6 Rg8 18. Qxf7 Qxc4 19. b3 Qa6 20. Rfd1
Qb5 21. Ba3 Na6 22. Rd7 Raf8 23. Bxf8 Nc5 24. Bxg7+ Kh7 25. Bf6+ {Black
resigns} 1-0

[Event "ICC Open 2015"]
[Site "Internet Chess Club"]
[Date "2015.05.30"]
[Round "7"]
[White "flinkfinger"]
[Black "TasteOflover"]
[Result "0-1"]
[ICCResult "White resigns"]
[WhiteElo "2331"]
[BlackElo "2784"]
[Opening "English: Caro-Kann defensive system"]
[ECO "A11"]
[NIC "RE.03"]
[Time "15:22:55"]
[TimeControl "180+0"]

1. c4 c6 2. Nf3 d5 3. g3 Nf6 4. Bg2 g6 5. b3 Bg7 6. Bb2 O-O 7. O-O a5 8. a3
Na6 9. d3 Nc5 10. Nbd2 Bg4 11. b4 Ncd7 12. Qc2 Qb6 13. c5 Qc7 14. e4 dxe4
15. dxe4 Rfd8 16. h3 Bxf3 17. Nxf3 Ne8 18. Bxg7 Nxg7 19. Qc3 Nf6 20. Ne5 Ne6
21. Rad1 axb4 22. axb4 Rxd1 23. Rxd1 Rd8 24. Rxd8+ Qxd8 25. Qd3 Qa8 26. Nd7
Qa1+ 27. Kh2 Qb2 28. Nxf6+ exf6 29. f4 Qxb4 30. e5 fxe5 31. fxe5 Qxc5 32.
Qd7 Qxe5 33. Qxb7 c5 34. Qc6 Nd4 35. Qc8+ Kg7 36. h4 Nf5 {White resigns} 0-1